 Dungeon Crawl Stone Soup version 0.31-a0-182-gc5ef74bbde (webtiles) character file.

Game seed: 2928874356577397870

953 lunkers the Basher (level 8, -3/63 HPs)
             Began as a Meteoran Fighter on June 21, 2023.
             Was an Initiate of Gozag.
             Slain by a wyvern zombie (6 damage)
             ... on level 6 of the Dungeon.
             The game lasted 00:06:36 (1839 turns).

lunkers the Basher (Meteoran Fighter)               Turns: 1839, Time: 00:06:37

Health: -3/63      AC:  8    Str: 19    XL:     8   Next: 62%
Magic:  9/9        EV:  9    Int:  9    God:    Gozag
Gold:   392        SH:  5    Dex: 15    Spells: 7/7 levels left

rFire   . . .        a - +1 flail
rCold   . . .        c - +0 buckler
rNeg    . . .        j - +0 scale mail
rPois   .            (no helmet)
rElec   .            e - +0 cloak
rCorr   .            (no gloves)
SInv    .            (no boots)
Will    +....        (no amulet) Stlth
                     (no ring)
HPRegen 0.30/turn    (no ring)
MPRegen 0.11/turn

%: no passive effects
@: glowing
A: sense surroundings 1, otherworldly, glowing, explore regen
a: Renounce Religion, Potion Petition, Call Merchant, Bribe Branch


You were on level 6 of the Dungeon.
You worshipped Gozag.
Gozag was aware of your devotion.
You visited 1 branch of the dungeon, and saw 6 of its levels.

You collected 420 gold pieces.
You paid 28 gold pieces to Gozag.

Inventory:

Hand Weapons
 a - a +1 flail (weapon)
 b - a +1 whip of draining
Armour
 c - a +0 buckler (worn)
 e - a +0 cloak (worn)
 j - a +0 scale mail (worn)
 t - the +0 plate armour of the Quiescent God {Dex+3}
   (You found it on level 6 of the Dungeon)

   Dex:       It affects your dexterity (+3).
Scrolls
 f - a scroll of silence {unknown}
 g - 2 scrolls of enchant weapon
 m - a scroll of blinking {unknown}
 o - 2 scrolls of revelation
 r - a scroll of teleportation {unknown}
 s - a scroll of identify
Potions
 d - a potion of might
 h - 4 potions of heal wounds
 i - a potion of resistance
 k - a potion of degeneration {unknown}
 l - a potion of lignification {unknown}
 n - a potion of curing {unknown}
 p - a potion of enlightenment {unknown}
 q - 3 potions of mutation {unknown}


   Skills:
 - Level 3.2 Fighting
 + Level 12.1 Maces & Flails
 - Level 3.6 Armour
 - Level 3.6 Shields


You had 7 spell levels left.
You didn't know any spells.
Your spell library contained the following spells:

 Spells                   Type           Power      Damage    Failure   Level
 Beastly Appendage        Tmut           0%         N/A       83%         1
 Cigotuvi's Dreadful Rot  Necr/Pois/Air  0%         N/A       92%         2
 Momentum Strike          Conj/Tloc      0%         3d8       92%         2
 Wereblood                Tmut           0%         N/A       92%         2
 Spider Form              Tmut/Pois      0%         N/A       99%         3
 Dispersal                Tloc           0%         N/A       100%        6


Dungeon Overview and Level Annotations

Branches:
Dungeon (7/15) Zot: 1765   Temple (0/1) D:4

Altars:
Gozag
Uskayaw
Zin

Shops:
D:6 *


Innate Abilities, Weirdness & Mutations

You passively map a small area around you.
You are easily found by Zot.
You glow in the dark.
You regain HP and MP as you explore.


Message History

Your Maces & Flails skill increases to level 12!
You now have 392 gold pieces (gained 8).
There is an open door here.
You open the door.
A wyvern zombie comes into view.
The wyvern zombie is distracted by your dazzling golden aura.
The wyvern zombie is no longer distracted by gold.
The wyvern zombie bites you but does no damage.
There is an open door here.
You barely miss the wyvern zombie. The wyvern zombie barely misses you.
The wyvern zombie bites you but does no damage.
You hit the wyvern zombie.
The wyvern zombie is lightly damaged.
The wyvern zombie bites you!
* * * LOW HITPOINT WARNING * * *
You barely miss the wyvern zombie.
The wyvern zombie is lightly damaged.
The wyvern zombie bites you!
* * * LOW HITPOINT WARNING * * *
You sock the wyvern zombie!
The wyvern zombie is moderately damaged.
The wyvern zombie bites you but does no damage.
You hit the wyvern zombie.
The wyvern zombie is heavily damaged.
The wyvern zombie bites you but does no damage.
You sock the wyvern zombie!
The wyvern zombie is severely damaged.
The wyvern zombie bites you.
* * * LOW HITPOINT WARNING * * *
You barely miss the wyvern zombie.
The wyvern zombie is severely damaged.
The wyvern zombie barely misses you.
You barely miss the wyvern zombie.
The wyvern zombie is severely damaged.
You block the wyvern zombie's attack.
You hit the wyvern zombie but do no damage.
The wyvern zombie is severely damaged.
The wyvern zombie bites you.
You die...
Your body crumbles into a pile of gold.

...# #.# ...# #.#
...# #########.#
...#
#.........##########
...#
#..................#
##.#
#.........########.#
##.#
#..###############.#
...# #..# *
#Z#.#.##8.# .#.#
#..#+#+#+#@#'#'###.#
.#.#
#..#............'..#
##.#
#..#+#+#+#+#'#'#####
#..####..#_ *,#.#.#*
..###....## * #####
* #####.....#
).........#
......###.# ......#
.#


You could see a wyvern zombie.

Vanquished Creatures
  A steam dragon (D:6)
  A necrophage (D:6)
  A scorpion (D:6)
  A wyvern zombie (D:6)
  A water moccasin zombie (D:6)
  3 wights (D:7)
  A hound (D:4)
  2 jellies
  2 orc priests
  3 orc wizards
  2 iguanas
  A mummy (D:6)
  5 adders
  A white imp (D:7)
  2 worms
  2 dart slugs
  12 orcs
  3 endoplasms
  5 giant cockroaches
  4 hobgoblins
  3 kobolds
  3 ball pythons
  5 bats
  7 frilled lizards
  4 goblins
  A rat (D:1)
76 creatures vanquished.

Vanquished Creatures (others)
  An orc wizard (D:7)
1 creature vanquished.

Grand Total: 77 creatures vanquished

Notes
Turn   | Place    | Note
-------+----------+-------------------------------------------
     0 | D:1      | lunkers the Meteoran Fighter began the quest for the Orb.
     0 | D:1      | Reached XP level 1. HP: 19/19 MP: 2/2
    62 | D:1      | Reached skill level 3 in Maces & Flails
   102 | D:1      | Reached XP level 2. HP: 26/26 MP: 3/3
   193 | D:1      | Reached skill level 4 in Maces & Flails
   218 | D:1      | Reached XP level 3. HP: 31/31 MP: 4/4
   417 | D:2      | Reached skill level 5 in Maces & Flails
   425 | D:2      | Reached XP level 4. HP: 32/38 MP: 5/5
   718 | D:2      | Got Sif Muna's Codex of the Excursion and Poison
   724 | D:3      | Found an opulent altar of Gozag.
   744 | D:3      | Became a worshipper of Gozag Ym Sagoz the Greedy
  1003 | D:3      | Reached skill level 6 in Maces & Flails
  1034 | D:3      | Reached XP level 5. HP: 45/45 MP: 6/6
  1140 | D:4      | Found a hide-covered altar of Uskayaw.
  1149 | D:4      | Reached skill level 7 in Maces & Flails
  1157 | D:4      | Reached XP level 6. HP: 34/51 MP: 7/7
  1245 | D:4      | Found a staircase to the Ecumenical Temple.
  1275 | D:4      | Reached skill level 8 in Maces & Flails
  1356 | D:4      | You fall into a shaft and drop 3 floors!
  1417 | D:7      | Reached XP level 7. HP: 51/57 MP: 8/8
  1432 | D:7      | Reached skill level 9 in Maces & Flails
  1458 | D:7      | Reached skill level 10 in Maces & Flails
  1484 | D:7      | Found a glowing silver altar of Zin.
  1523 | D:6      | Noticed a steam dragon
  1530 | D:6      | Killed a steam dragon
  1531 | D:6      | Reached XP level 8. HP: 35/63 MP: 9/9
  1679 | D:6      | Reached skill level 11 in Maces & Flails
  1717 | D:6      | Found Elappeag's General Store.
  1764 | D:6      | Identified the +0 plate armour of the Quiescent God {Dex+3}
  1826 | D:6      | Reached skill level 12 in Maces & Flails
  1836 | D:6      | HP: 2/63 [wyvern zombie (2)]
  1839 | D:6      | Slain by a wyvern zombie

Illustrated notes

Levels and vault maps discovered:
D:1:      dpeg_arrival_triangle_fractal, layout_rooms
D:2:      layout_loops_cross
D:3:      layout_loops_ring, mainiacjoe_overflow_tiny_flanked
D:4:      layout_loops_ring, nicolae_uskayaw_dance_hall,
          okawaru_altar_gauntlet_db, minmay_temple_entry_glassed_door,
          nicolae_eternal_life
D:6:      layout_basic, mainiacjoe_overflow_alcove_2,
          lemuel_mausoleum_altar_yredelemnul, serial_shops, shop,
          nicolae_shop_hallway_stairs, nicolae_stop_n_shop_1, shop,
          nicolae_concentric_dashed_squares_wild, minmay_liquid_box
D:7:      layout_loops_ring, lemuel_tele_altar, mainiacjoe_overflow_alcove_1

Skill      XL: |  1  2  3  4  5  6  7  8 |
---------------+-------------------------+-----
Maces & Flails | 3 4 5 6 7 8 10 12 | 12.1
Fighting       | |  3.2
Armour         | |  3.6
Shields        | |  3.6

Action                     |  1- 3 |  4- 6 |  7- 9 || total
---------------------------+-------+-------+-------++-------
  Melee: Flail             |    68 |   114 |    42 ||   224
         Whip              |       |    14 |    56 ||    70
    Use: Scroll            |       |     7 |       ||     7
 Armour: Scale mail        |    40 |    43 |    29 ||   112
  Dodge: Dodged            |    34 |    33 |    11 ||    78
  Block: Buckler           |    21 |    22 |     8 ||    51

Table legend: (Time is in decaauts)
 A = Elapsed time spent in this place.
 B = Non-inter-level travel time spent in this place.
 C = Inter-level travel time spent in this place.
 D = Time resting spent in this place.
 E = Time spent auto-exploring this place.
 F = Levels seen in this place.
 G = Mean time per level.
                   A        B        C        D        E       F      G
               +--------+--------+--------+--------+--------+-----+--------+
         Total |   1833 |   1833 |      0 |      0 |   1123 |   6 |  305.5 |
       Dungeon |   1833 |   1833 |      0 |      0 |   1123 |   6 |  305.5 |
               +--------+--------+--------+--------+--------+-----+--------+

Top non-repeatable levels by time:
     D:2: 470 daAuts
     D:3: 344 daAuts
     D:6: 293 daAuts
     D:4: 292 daAuts
     D:1: 273 daAuts
     D:7: 160 daAuts
